 Dungeon Crawl Stone Soup version 0.28-a0-1510-gd0f6b136d3 (webtiles) character file.

Game seed: 8739459205026005233

2 comborobin the Sneak (level 1, -1/11 HPs)
             Began as a Vine Stalker Delver on Jan 15, 2022.
             Was an Initiate of Okawaru.
             Succumbed to a kobold brigand's poison
             ... on level 4 of the Dungeon.
             The game lasted 00:00:37 (380 turns).

comborobin the Sneak (Vine Stalker Delver)           Turns: 380, Time: 00:00:37

Health: -1/11      AC:  3    Str: 14    XL:     1   Next: 30%
Magic:  2/2        EV: 11    Int: 10    God:    Okawaru [......]
Gold:   57         SH:  0    Dex: 15    Spells: 0/0 levels left

rFire   . . .      SeeInvis .   a - +0 short sword
rCold   . . .      Faith    .   (no shield)
rNeg    . . .      Spirit   +   b - +0 leather armour
rPois   .          Reflect  .   (no helmet)
rElec   .          Harm     .   (no cloak)
rCorr   .          Rampage  .   (no gloves)
Will    .....                   (no boots)
Stlth   +++.......              (no amulet)
HPRegen 0.03/turn               (no ring)
MPRegen 0.08/turn               (no ring)

@: lethally poisoned (-1 -> -11), hasted, very quick
A: fangs 2, magic shield, antimagic bite, no potion heal 2
a: Renounce Religion


You were on level 4 of the Dungeon.
You worshipped Okawaru.
Okawaru was noncommittal.
You visited 1 branch of the dungeon, and saw 3 of its levels.

You collected 57 gold pieces.

Inventory:

Hand Weapons
 a - a +0 short sword (weapon)
Armour
 b - a +0 leather armour (worn)
Wands
 d - a wand of paralysis (8)
 g - a wand of digging (3)
Scrolls
 c - a scroll of fog
 e - a scroll of fear


   Skills:
 - Level 2.6 Fighting
 + Level 2.0 Short Blades
 - Level 1.5 Dodging
 - Level 6.0 Stealth


You couldn't memorise any spells.
You didn't know any spells.
Your spell library was empty.

Dungeon Overview and Level Annotations

Branches:
Dungeon (6/15)
 Temple: D:4-7

Altars:
Okawaru

Annotations:
D:6 Maggie


Innate Abilities, Weirdness & Mutations

You have extremely sharp teeth.
When hurt, damage is shared between your health and your magic reserves.
Your bite disrupts and absorbs the magic of your enemies.
Potions cannot restore your health.


Message History

You feel aware of your surroundings.
Found an escape hatch in the ceiling.
A hound comes into view.
There is an escape hatch in the ceiling here.
A mysterious force pulls you upwards. The hatch slams shut behind you.
The kobold brigand shouts!
Found 8 stones.
Okay, then.
Press: ? - help, v - describe, . - travel
Here: a kobold brigand, wielding a +0 club and quivering poisoned darts The floor.
Unknown command.
Okay, then.
Found a sharpened lead wand.
Found 7 gold pieces.
Found a leather armour.
d - a wand of paralysis (9)
There are no items here.
Okay, then.
The kobold brigand throws a poisoned dart.
The poisoned dart hits you!
You are poisoned.
You open the door.
You feel sick.
The kobold brigand throws a poisoned dart.
The poisoned dart hits you!
You are lethally poisoned!
You feel very sick.
There is an open door here.
You feel yourself speed up.
* * * LOW HITPOINT WARNING * * *
You feel very sick.
* * * LOW HITPOINT WARNING * * *
You feel sick.
The kobold brigand throws a poisoned dart.
The poisoned dart completely misses you.
Aiming: Paralyse
Press: ? - help, Shift-Dir - straight line, f - kobold brigand
Aim: a kobold brigand, wielding a +0 club and quivering poisoned darts (chance to affect: 49%)
The kobold brigand suddenly stops moving!
You die...

....K....+
.......#
#.....# .
#.....# ...
#K....#
....#+##.#+###
#$......#.#
#.......#'###.#
#.......@.....#
#.#####.......#
# #.......#
#.......#
#......[#
#.#+##..# #.#
..# ..# .# ## #


You could see a kobold brigand (paralysed).

Vanquished Creatures
  An orc (D:5)
1 creature vanquished.

Notes
Turn   | Place    | Note
-------+----------+-------------------------------------------
     0 | D:5      | comborobin the Vine Stalker Delver began the quest for the
                  | Orb.
     0 | D:5      | Reached XP level 1. HP: 11/11 MP: 2/2
     3 | D:6      | Noticed Maggie
    80 | D:5      | Found an iron altar of Okawaru.
    96 | D:5      | Became a worshipper of Warmaster Okawaru
   334 | D:5      | Noticed a bullfrog
   363 | D:5      | Noticed a hound
   367 | D:4      | Noticed a kobold brigand
   380 | D:4      | Succumbed to a kobold brigand's poison

Illustrated notes

Levels and vault maps discovered:
D:4:      minmay_evil_eye, layout_basic, bloody_trog, solitary_fountain,
          minmay_misc_feat_pillars
D:5:      layout_basic, kennysheep_little_box, minmay_misc_feat_roman
D:6:      nicolae_cairo_tiling_large_dashed, layout_basic, uniq_blork_the_orc,
          uniq_maggie, uniq_eustachio

Skill      XL: |  1 |
---------------+----+-----
Short Blades   | 2 |  2.0
Fighting       | |  2.6
Dodging        | |  1.5
Stealth        | |  6.0

Action                   || total
-------------------------++-------
Melee: Short sword       ||     7
       Bite              ||     3
Evoke: Wand              ||     1
  Use: Scroll            ||     1
       Potion            ||     1
Armor: Leather armour    ||     1
Dodge: Dodged            ||     8

Table legend: (Time is in decaauts)
 A = Elapsed time spent in this place.
 B = Non-inter-level travel time spent in this place.
 C = Inter-level travel time spent in this place.
 D = Time resting spent in this place.
 E = Time spent auto-exploring this place.
 F = Levels seen in this place.
 G = Mean time per level.
                   A        B        C        D        E       F      G
               +--------+--------+--------+--------+--------+-----+--------+
         Total |    379 |    353 |     26 |     68 |    236 |   3 |  126.3 |
       Dungeon |    379 |    353 |     26 |     68 |    236 |   3 |  126.3 |
               +--------+--------+--------+--------+--------+-----+--------+

Top non-repeatable levels by time:
     D:5: 359 daAuts
     D:4: 12 daAuts
     D:6: 7 daAuts
